AoeStats
← schmeno

Arabia

505141531Analyzed
2v2 RM · 2mo ago on Sep 8, 2026· 25m 29s· 4 players
Game mode
Random Map
Map size
Medium (4 player)
Population
200
Speed
Normal
Resources
Standard
Victory
Conquest
Starting age
Dark Age
Ending age
Imperial Age
RankedLock teamsTeams togetherTeam positionsShared explorationLock speedFull tech treeHidden civsTurbo modeCheats
Victory
Defeat
🇺🇾 Muisca · Uruguay
1143
+15
🇨🇱 Saracens · Chile
1006
+22
vs
🇺🇸 Saracens · United States
1141
-19
🇺🇸 Vikings · United States
1109
-18
SerrisKb
6:57 Loom
9:19 Feudal Age
10:23 Double-Bit Axe
10:00 Champi Runner
14:01 Horse Collar
16:43 Fletching
20:38 Wheelbarrow
23:28 Castle Age
23:02 Gold Mining
24:02 Crossbowman
24:39 Bodkin Arrow
25:20 Padded Archer Armor
24:43 Champi Warrior
jorge7289
3:06 Loom
10:51 Feudal Age
11:37 Double-Bit Axe
14:45 Horse Collar
20:21 Fletching
21:16 Padded Archer Armor
24:34 Wheelbarrow
27:44 Castle Age
25:37 Gold Mining
25:38 Stone Mining
schmeno
6:41 Loom
9:17 Feudal Age
9:59 Double-Bit Axe
15:41 Horse Collar
18:23 Fletching
22:46 Padded Archer Armor
Simon Nelson Cook
11:55 Feudal Age
12:17 Loom
18:23 Castle Age
16:14 Double-Bit Axe
16:35 Horse Collar
18:59 Fletching
18:37 Crossbowman
Connection lost

Rejoining the realm…

Still unreachable

The connection could not be restored.

Session expired

The server has moved on; the page needs a fresh start.